 Dungeon Crawl Stone Soup version 0.19.5 (webtiles) character file.

8026 sveltemanboy the Basher (level 11, -3/52 HPs)
             Began as a Vine Stalker Hunter on Mar 7, 2017.
             Was a High Priest of Okawaru.
             Succumbed to Paps's ghost's poison
             ... on level 11 of the Dungeon.
             The game lasted 00:28:31 (8814 turns).

sveltemanboy the Basher (Vine Stalker Hunter)       Turns: 8814, Time: 00:28:32

Health: -3/52      AC: 11    Str: 21    XL:     11   Next: 24%
Magic:  11/14      EV: 15    Int: 12    God:    Okawaru [*****.]
Gold:   338        SH:  5    Dex: 14    Spells: 0 memorised, 10 levels left

rFire  . . .     SeeInvis .     a - +2 hand crossbow
rCold  . . .     Gourm    .     w - +0 ring mail
rNeg   . . .     Faith    .     y - +0 buckler
rPois  .         Spirit   +     r - +0 helmet
rElec  .         Reflect  .     H - +2 cloak
rCorr  .         Harm     .     (no gloves)
MR     +....                    z - +0 pair of boots
Stlth  +.........               C - amulet of magic regeneration
                                u - +3 ring of evasion
                                j - +3 ring of strength

@: lethally poisoned (-3 -> -33), exhausted, slowed, very slow
A: fangs 3, regeneration 1, magic shield, antimagic bite, no device heal 3, rot
immunity
a: Heroism, Finesse, Renounce Religion


You were on level 11 of the Dungeon.
You worshipped Okawaru.
Okawaru was extremely pleased with you.
You were very hungry.

You visited 1 branch of the dungeon, and saw 11 of its levels.

You collected 505 gold pieces.
You spent 167 gold pieces at shops.

Inventory:

Hand Weapons
 a - a +2 hand crossbow (weapon)
 b - a +2 whip of electrocution
 F - a +2 flail of crushing
Missiles
 d - 115 bolts (quivered)
Armour
 r - a +0 helmet (worn)
 w - a +0 ring mail (worn)
 y - a +0 buckler (worn)
 z - a +0 pair of boots (worn)
 H - a +2 cloak (worn)
Rods
 Q - a +0 iron rod (11/11)
   (You found it on level 7 of the Dungeon)
Jewellery
 j - a +3 ring of strength (left hand)
 u - a +3 ring of evasion (right hand)
 C - an amulet of magic regeneration (around neck)
Wands
 c - a wand of iceblast (5/15)
 h - a wand of teleportation (4/9)
 i - a wand of lightning (5/15)
 G - a wand of flame (1/48)
 M - a wand of disintegration (10/24)
 Y - a wand of iceblast (9/15)
Scrolls
 l - a scroll of fear
 n - 3 scrolls of blinking
 o - 4 scrolls of fog
 t - 7 scrolls of remove curse
 v - 2 scrolls of enchant armour
 D - 4 scrolls of teleportation
 J - a scroll of amnesia
Potions
 e - 3 potions of curing
 g - 2 potions of might
 k - 3 potions of lignification
 m - a potion of ambrosia
 B - a potion of berserk rage
 E - 2 potions of flight
 K - a potion of cure mutation
 P - a potion of magic
 T - 2 potions of brilliance
 X - a potion of invisibility
Miscellaneous
 Z - a sack of spiders
Comestibles
 f - 9 bread rations
 p - 5 meat rations
 x - 11 slices of pizza
 O - 2 fruits
 U - 3 beef jerkies


   Skills:
 - Level 3.0 Fighting
 * Level 10.3 Maces & Flails
 + Level 9.2 Crossbows
 - Level 3.0 Armour
 - Level 3.0 Dodging
 - Level 1.2 Stealth
 - Level 5.1 Shields
 - Level 3.1 Invocations


You had 10 spell levels left.
You didn't know any spells.

Dungeon Overview and Level Annotations

Branches:
Dungeon (11/15)            Temple (0/1) D:6
   Lair: D:8-11         Orc: D:9-12

Altars:
Okawaru
Ru
Xom

Shops:
D:6 *=(=!

Annotations:
D:11 exclusion: door, Paps's ghost, journeyman GrFi


Innate Abilities, Weirdness & Mutations

You have razor-sharp teeth.
Your natural rate of healing is unusually fast.
When hurt, damage is shared between your health and your magic reserves.
Your bite disrupts and absorbs the magic of your enemies.
Potions and wands cannot restore your health.
You are immune to rotting.


Message History

You feel invigorated.
Paps's ghost is almost destroyed.
You are no longer berserk.
You are exhausted.
You feel yourself slow down.
* * * LOW HITPOINT WARNING * * *
You feel very sick.
Paps's ghost hits you but does no damage.
You are more poisoned.
You clumsily bash Paps's ghost but do no damage.
Your bite misses Paps's ghost.
Paps's ghost is almost destroyed.
* * * LOW HITPOINT WARNING * * *
You feel extremely sick. Paps's ghost closely misses you.
Paps's ghost hits you.
* * * LOW HITPOINT WARNING * * *
You are more poisoned.
You closely miss Paps's ghost.
Paps's ghost is almost destroyed.
You die...

#.# ########.# ...
#........#
######...
#.####'#.#
#........ #..<.#.#
#......>.
#....#.###..((....
#....#............
#....#............
#....#...@.(......
#....#...W..(#####
#.#....#..(....#
#.#....'.(.....#
#.######.......#
###.....(........#
#................#
#......(..........
##................


You could see Paps's ghost.

Vanquished Creatures
  The ghost of SkullSpatter the Ruffian, a novice TrMo of Trog (D:11)
  Grinder (D:3)
  3 hippogriffs
  A wraith (D:11)
  A yak (D:8)
  A shadow (D:11)
  A wyvern (D:8)
  3 humans
  3 hungry ghosts (D:9)
  3 hogs (D:8)
  Menkaure (D:7)
  A sky beast (D:9)
  3 orc warriors
  2 eyes of draining
  4 ice beasts
  5 ogres
  5 centaurs
  A crocodile (D:9)
  Blork the orc (D:4)
  2 big kobolds
  6 bullfrogs
  A wyvern zombie (D:7)
  2 gnoll sergeants
  3 scorpions
  3 wights (D:9)
  3 howler monkeys (D:8)
  3 crimson imps
  3 bullfrog zombies
  9 hounds
  3 jellies
  8 orc priests
  A bullfrog skeleton (D:4)
  10 orc wizards
  2 centaur skeletons
  Jessica (D:3)
  Natasha (D:3)
  6 iguanas
  3 worker ants (D:8)
  A killer bee zombie (D:9)
  A hound skeleton (D:5)
  Robin (D:2)
  A howler monkey zombie (D:7)
  A worker ant zombie (D:9)
  9 gnolls
  10 adders
  2 shadow imps
  2 adder skeletons (D:4)
  A worm (D:5)
  7 dart slugs
  4 leopard geckos
  39 orcs
  2 ball pythons
  4 bats
  5 giant cockroaches
  6 hobgoblins
  4 jackals (D:5)
  11 kobolds
  4 quokkas
  5 frilled lizards
  7 goblins
  7 rats
245 creatures vanquished.

Vanquished Creatures (others)
  A human (D:11)
1 creature vanquished.

Grand Total: 246 creatures vanquished

Notes
Turn   | Place    | Note
-------+----------+-------------------------------------------
     0 | D:1      | sveltemanboy the Vine Stalker Hunter began the quest for the Orb.
     0 | D:1      | Reached XP level 1. HP: 11/11 MP: 2/2
   288 | D:1      | Reached XP level 2. HP: 15/15 MP: 3/3
   464 | D:1      | Reached XP level 3. HP: 18/18 MP: 4/4
   865 | D:2      | Reached skill level 1 in Armour
  1192 | D:2      | Noticed Robin
  1195 | D:2      | Killed Robin
  1195 | D:2      | Gained mutation: Your natural rate of healing is unusually fast. [Vine Stalker growth]
  1195 | D:2      | Reached XP level 4. HP: 23/23 MP: 5/5
  1609 | D:2      | Reached skill level 5 in Crossbows
  1939 | D:3      | Reached XP level 5. HP: 26/26 MP: 6/6
  1963 | D:3      | Noticed Jessica
  1964 | D:3      | Killed Jessica
  2309 | D:3      | Noticed Grinder
  2326 | D:3      | Paralysed by Grinder for 3 turns
  2330 | D:3      | Killed Grinder
  2330 | D:3      | Reached skill level 1 in Shields
  2330 | D:3      | Reached XP level 6. HP: 14/30 MP: 4/7
  2559 | D:4      | Noticed Natasha
  2569 | D:3      | Killed Natasha
  2860 | D:4      | Found an iron altar of Okawaru.
  2878 | D:4      | Reached XP level 7. HP: 34/34 MP: 8/8
  2888 | D:4      | Noticed Blork the orc
  2908 | D:4      | Killed Blork the orc
  2963 | D:4      | Became a worshipper of Warmaster Okawaru
  3236 | D:5      | Entered Level 5 of the Dungeon
  3618 | D:5      | Gained mutation: You have razor-sharp teeth. [Vine Stalker growth]
  3618 | D:5      | Reached XP level 8. HP: 38/38 MP: 9/9
  3621 | D:5      | Reached skill level 1 in Invocations
  4050 | D:6      | Reached * piety under Okawaru
  4159 | D:6      | Found Ysazud's Jewellery Shop.
  4164 | D:6      | Bought a cursed ring of loudness for 49 gold pieces
  4164 | D:6      | Bought a cursed ring of teleportation for 49 gold pieces
  4239 | D:6      | Found Sagyo's Jewellery Boutique.
  4294 | D:6      | Reached skill level 1 in Maces & Flails
  4296 | D:6      | Found Juqibleg's Distillery.
  4307 | D:6      | Bought a potion of curing for 36 gold pieces
  4368 | D:6      | Found Qisoaruck's Weapon Boutique.
  4376 | D:6      | Bought 15 bolts for 33 gold pieces
  4432 | D:6      | Reached skill level 2 in Maces & Flails
  4512 | D:6      | Found Qaah's Assorted Antiques.
  4526 | D:6      | Found a staircase to the Ecumenical Temple.
  4985 | D:7      | Reached XP level 9. HP: 44/44 MP: 12/12
  4987 | D:7      | Noticed Menkaure
  4994 | D:7      | Killed Menkaure
  4994 | D:7      | Reached skill level 3 in Maces & Flails
  4994 | D:7      | Reached skill level 5 in Shields
  5055 | D:7      | Reached skill level 4 in Maces & Flails
  5098 | D:7      | Reached ** piety under Okawaru
  5383 | D:7      | Reached skill level 5 in Maces & Flails
  5873 | D:8      | Reached skill level 6 in Maces & Flails
  5913 | D:8      | Reached *** piety under Okawaru
  5933 | D:8      | Reached XP level 10. HP: 46/49 MP: 13/13
  5940 | D:8      | Reached skill level 7 in Maces & Flails
  6369 | D:8      | Found a shimmering altar of Xom.
  6661 | D:9      | Reached **** piety under Okawaru
  6690 | D:9      | Reached skill level 8 in Maces & Flails
  7240 | D:9      | Reached skill level 9 in Maces & Flails
  7780 | D:10     | Entered Level 10 of the Dungeon
  7836 | D:10     | Received a gift from Okawaru
  7951 | D:10     | Gained mutation: You have sharp fingernails. [potion of mutation]
  7951 | D:10     | Gained mutation: You have a pair of small horns on your head. [potion of mutation]
  7951 | D:10     | Gained mutation: You tend to lose your temper in combat. [potion of mutation]
  7952 | D:10     | Lost mutation: You have sharp fingernails. [potion of cure mutation]
  7952 | D:10     | Lost mutation: You tend to lose your temper in combat. [potion of cure mutation]
  7952 | D:10     | Lost mutation: You have a pair of small horns on your head. [potion of cure mutation]
  7978 | D:10     | Reached ***** piety under Okawaru
  8035 | D:10     | Found a sacrificial altar of Ru.
  8053 | D:10     | Reached XP level 11. HP: 52/52 MP: 14/14
  8069 | D:10     | Received a gift from Okawaru
  8433 | D:11     | Noticed Paps's ghost (journeyman GrFi)
  8473 | D:11     | Noticed SkullSpatter's ghost (novice TrMo)
  8485 | D:11     | Reached skill level 10 in Maces & Flails
  8500 | D:11     | Killed SkullSpatter's ghost
  8557 | D:11     | Noticed a death yak
  8557 | D:11     | Noticed a death yak
  8559 | D:11     | Noticed a death yak
  8559 | D:11     | Noticed a death yak
  8577 | D:11     | Received a gift from Okawaru
  8814 | D:11     | Succumbed to Paps's ghost's poison

Skill      XL: |  1  2  3  4  5  6  7  8  9 10 11 |
---------------+----------------------------------+-----
Crossbows      | 4 5 6 7 8 9 |  9.2
Armour         | 1 2 3 |  3.0
Shields        | 1 2 3 4 5 |  5.1
Invocations    | 3 |  3.1
Fighting       | 3 |  3.0
Maces & Flails | 2 6 9 10 | 10.3
Dodging        | 3 |  3.0
Stealth        | |  1.2

Action                   |  1- 3 |  4- 6 |  7- 9 | 10-12 || total
-------------------------+-------+-------+-------+-------++-------
Melee: Short sword       |    48 |    40 |   108 |       ||   196
       Bite              |     8 |    12 |    59 |   102 ||   181
       Whip              |       |       |    82 |   266 ||   348
       Hand crossbow     |       |       |       |    13 ||    13
 Fire: Hand crossbow     |    32 |    65 |   143 |   179 ||   419
Invok: Heroism           |       |       |       |     2 ||     2
Evoke: Wand              |       |       |     3 |     1 ||     4
  Use: Scroll            |       |       |       |    21 ||    21
       Potion            |       |       |       |    13 ||    13
 Stab: Sleeping          |     1 |     1 |       |       ||     2
  Eat: Chunk             |     1 |     5 |     9 |    11 ||    26
       Fruit             |       |       |     1 |     1 ||     2
Armor: Leather armour    |    12 |     5 |       |       ||    17
       Ring mail         |       |    10 |    55 |    51 ||   116
Dodge: Dodged            |    40 |    38 |   131 |    97 ||   306
Block: Buckler           |       |       |    17 |    62 ||    79
